 Dungeon Crawl Stone Soup version 0.28.0-47-ge53b351184 (webtiles) character file.

Game seed: 10213389459874202117

8 Hrothgar the Scratcher (level 2, 0/12 HPs)
             Began as a Felid Transmuter on May 9, 2022.
             Slain by a hobgoblin (3 damage)
             ... on level 1 of the Dungeon.
             The game lasted 00:01:18 (320 turns).

Hrothgar the Scratcher (Felid Transmuter)            Turns: 320, Time: 00:01:19

Health: 0/12       AC:  1    Str:  6    XL:     2   Next: 0%
Magic:  4/6        EV: 17    Int: 14    God:
Gold:   9          SH:  0    Dex: 16    Spells: 4/5 levels left
                                        Lives:  0   Deaths: 0

rFire   . . .      SeeInvis +     - Unarmed
rCold   . . .      Faith    .   (shield unavailable)
rNeg    . . .      Spirit   .   (armour unavailable)
rPois   .          Reflect  .   (helmet unavailable)
rElec   .          Harm     .   (cloak unavailable)
rCorr   .          Rampage  .   (gloves unavailable)
Will    .....                   (boots unavailable)
Stlth   ++........              (no amulet)
HPRegen 0.04/turn               (no ring)
MPRegen 0.10/turn               (no ring)

@: appendages, quick
A: horns 2, very small, claws 1, fangs 3, see invisible, speed 1, shaggy fur 1,
stealthy paws, no weapons or thrown items, no armour, multi-lived
a: End Transformation


You were on level 1 of the Dungeon.
You had temporarily grown beastly horns.
You visited 1 branch of the dungeon, and saw 1 of its levels.

You collected 9 gold pieces.

You aren't carrying anything.


   Skills:
 * Level 1.2 Fighting
 * Level 2.8 Dodging
 * Level 0.6 Stealth
 * Level 3.2 Unarmed Combat
 * Level 2.1 Spellcasting
 * Level 2.2 Transmutations


You had 4 spell levels left.
You knew the following spells:

 Your Spells              Type           Power      Damage    Failure   Level
a - Beastly Appendage     Tmut           14%        N/A       10%         1

Your spell library contained the following spells:

 Spells                   Type           Power      Damage    Failure   Level
 Wereblood                Tmut           7%         N/A       14%         2
 Spider Form              Tmut/Pois      4%         N/A       41%         3
 Ice Form                 Ice/Tmut       4%         N/A       83%         4


Dungeon Overview and Level Annotations

Branches:
Dungeon (1/15)

Altars:

Shops:
D:1 [(


Innate Abilities, Weirdness & Mutations

You have temporarily grown beastly horns.
You have sharp claws.
You have razor-sharp teeth.
You have supernaturally acute eyesight. (SInv)
You cover ground quickly. (Speed+)
You are covered in fur. (AC +1)
Your paws help you pounce on unaware monsters.
You are incapable of wielding weapons or throwing items.
You cannot wear armour.
You gain extra lives every three experience levels.


Message History

You miss the kobold. Your bite misses the kobold.
The kobold closely misses you.
A dart slug comes into view.
You scratch the kobold.
You kill the kobold!
Found 13 gold pieces.
You scratch the frilled lizard.
You kill the frilled lizard!
Casting: Beastly Appendage (safe; 10% risk of failure)
Confirm with . or Enter, or press ? or * to list all spells.
You extend your transformation's duration.
The dart slug launches a dart at you. The slug dart misses you.
You scratch the dart slug.
The dart slug is moderately wounded.
You scratch the dart slug but do no damage.
Your headbutt misses the dart slug.
The dart slug is moderately wounded.
The hobgoblin closely misses you. The dart slug launches a dart at you.
The slug dart misses you.
You scratch the dart slug.
The dart slug is heavily wounded.
The hobgoblin closely misses you.
You scratch the dart slug. You headbutt the dart slug.
You kill the dart slug!
The hobgoblin hits you.
* * * LOW HITPOINT WARNING * * *
You have reached level 2!
Your transformation is almost over.
Found Xeof's Armour Emporium.
Found 5 curare-tipped darts.
Your horns disappear.
Casting: Beastly Appendage (safe; 10% risk of failure)
Confirm with . or Enter, or press ? or * to list all spells.
You grow a pair of large bovine horns.
You scratch the hobgoblin.
The hobgoblin is moderately wounded.
The hobgoblin hits you.
You die...

.##.....#†..#.#.##.##.#.
.#.#$.......).#.##.##.#.
#..#####...###.##(##.#
#.....................
#..#.##....###########
#........### ########
#.......######......###
#....#g####............
..(....#@# #......####...
#.#......###....#######..
# #..###.##..(.##.....##.
#.. #.#....###..##.### #.
#.#....##..##<.### #.
#.#....##...###+#.
#.#....###..(###..
#.##....##........
#.....###....##


You could see a hobgoblin.

Vanquished Creatures
  A dart slug (D:1)
  An endoplasm (D:1)
  2 hobgoblins (D:1)
  A frilled lizard (D:1)
  A kobold (D:1)
6 creatures vanquished.

Notes
Turn   | Place    | Note
-------+----------+-------------------------------------------
     0 | D:1      | Hrothgar the Felid Transmuter began the quest for the Orb.
     0 | D:1      | Reached XP level 1. HP: 9/9 MP: 4/4
    75 | D:1      | Found Kaluotup's Weapon Boutique.
   303 | D:1      | Reached XP level 2. HP: 3/12 MP: 4/6
   306 | D:1      | Found Xeof's Armour Emporium.
   320 | D:1      | Slain by a hobgoblin

Illustrated notes

Levels and vault maps discovered:
D:1:      dpeg_arrival_snail, layout_basic, ebering_ecumenical_altar_abandoned,
          serial_shops, shop, shop, nicolae_square_shop

Action                   || total
-------------------------++-------
Melee: Unarmed           ||    16
       Headbutt          ||     4
 Cast: Beastly Appendage ||     5
Dodge: Dodged            ||    10
